 Dungeon Crawl Stone Soup version 0.28.0-47-ge53b351184 (webtiles) character file.

Game seed: 7127397877360777006

4629 Kaptain the Geomancer (level 10, -1/63 HPs)
             Began as a Gargoyle Earth Elementalist on Apr 19, 2022.
             Slain by a wraith (2 damage)
             ... on level 7 of the Dungeon on Apr 25, 2022.
             The game lasted 00:18:03 (9577 turns).

Kaptain the Geomancer (Gargoyle Earth Elementalist) Turns: 9577, Time: 00:18:03

Health: -1/63      AC: 14    Str: 12    XL:     10   Next: 42%
Magic:  5/28       EV: 11    Int: 20    God:
Gold:   373        SH:  7    Dex: 10    Spells: 15/21 levels left

rFire   + . .      SeeInvis .   w - +4 trident (freeze)
rCold   + . .      Faith    .   a - +3 buckler
rNeg    + . .      Spirit   .   o - +0 leather armour
rPois   ∞          Reflect  .   u - +0 helmet
rElec   +          Harm     .   h - +0 cloak
rCorr   +          Rampage  .   (no gloves)
Will    .....                   f - +0 pair of boots
Stlth   ++........              (no amulet)
HPRegen 0.20/turn               t - ring of magical power
MPRegen 0.21/turn               B - ring of wizardry

@: resistant, slowed, very slow
A: sickness immunity, AC +7, negative energy resistance 1, electricity
resistance, torment resistance 1, petrification resistance
a: no special abilities


You were on level 7 of the Dungeon.
You visited 2 branches of the dungeon, and saw 8 of its levels.

You collected 373 gold pieces.

Inventory:

Hand Weapons
 p - a +1 dagger of venom
 s - a +1 hunting sling of flaming
 w - a +4 trident of freezing (weapon)
 x - a +1 long sword of electrocution
Missiles
 c - 27 stones
 l - 73 sling bullets
Armour
 a - a +3 buckler (worn)
 f - a +0 pair of boots (worn)
 h - a +0 cloak (worn)
 o - a +0 leather armour (worn)
 u - a +0 helmet (worn)
Magical Staves
 b - a staff of air
Jewellery
 e - a ring of ice
 k - a ring of protection from cold
 m - a ring of protection from fire
 n - a ring of flight
 t - a ring of magical power (left hand)
 B - a ring of wizardry (right hand)
 E - a +6 ring of strength
Wands
 D - a wand of iceblast (8)
 H - a wand of paralysis (2)
 I - a wand of digging (8)
Scrolls
 d - a scroll of acquirement
 g - a scroll of amnesia
 i - 2 scrolls of teleportation
 j - 2 scrolls of blinking
 r - 2 scrolls of enchant armour
 A - 2 scrolls of fear
Potions
 q - a potion of resistance
 z - a potion of mutation


   Skills:
 * Level 7.3 Fighting
 + Level 5.0 Armour
 - Level 2.9 Dodging
 - Level 2.1 Stealth
 + Level 3.6 Shields
 * Level 6.4 Spellcasting
 * Level 7.2 Conjurations
 - Level 0.7 Transmutations
 * Level 8.7 Earth Magic


You had 15 spell levels left.
You knew the following spells:

 Your Spells              Type           Power      Damage    Failure   Level
a - Sandblast             Erth           82%        2d17      1%          1
b - Stone Arrow           Conj/Erth      76%        3d11      1%          3
c - Blink                 Tloc           12%        N/A       11%         2

Your spell library contained the following spells:

 Spells                   Type           Power      Damage    Failure   Level
 Foxfire                  Conj/Fire      80%        2x1d8     1%          1
 Magic Dart               Conj           100%       1d8       1%          1
 Passwall                 Tmut/Erth      20%        N/A       1%          2
 Searing Ray              Conj           70%        2d7       1%          2
 Conjure Flame            Conj/Fire      20%        6-21      4%          3
 Beastly Appendage        Tmut           18%        N/A       5%          1
 Wereblood                Tmut           9%         N/A       8%          2
 Petrify                  Tmut/Erth      25%        N/A       10%         4
 Flame Wave               Conj/Fire      20%        2d7       16%         4
 Fulminant Prism          Conj/Hex       10%        3d9       16%         4
 Spider Form              Tmut/Pois      7%         N/A       17%         3
 Gell's Gravitas          Tloc           6%         N/A       21%         3
 Inner Flame              Hex/Fire       6%         N/A       21%         3
 Lesser Beckoning         Tloc           6%         N/A       21%         3
 Teleport Other           Tloc           6%         N/A       21%         3
 Manifold Assault         Tloc           6%         N/A       86%         5
 Storm Form               Tmut/Air       3%         N/A       100%        7


Dungeon Overview and Level Annotations

Branches:
Dungeon (7/15)             Temple (1/1) D:6

Altars:
Ashenzari
Cheibriados
Dithmenos
Elyvilon
Fedhas
Gozag
Hepliaklqana
Kikubaaqudgha
Makhleb
Nemelex Xobeh
Okawaru
Qazlal
Ru
Sif Muna
Trog
Uskayaw
Vehumet
Wu Jian
Xom
Yredelemnul
Zin
The Shining One

Annotations:
D:6 Harold


Innate Abilities, Weirdness & Mutations

You are immune to sickness and miasma.
Your stone body is resilient. (AC +7)
You are immune to poison.
You resist negative energy. (rN+)
You are resistant to electric shocks. (rElec)
You are resistant to unholy torment.
You are immune to petrification.


Message History

* * * LOW HITPOINT WARNING * * *
You are no longer on fire.
The deep elf pyromancer hits you but does no damage.
Unknown command.
Okay, then.
Casting: Stone Arrow (safe; 1% risk of failure)
Confirm with . or Enter, or press ? or * to list all spells.
Aiming: Stone Arrow (safe; 1% risk of failure)
Press: ? - help, Shift-Dir - straight line, f/p - deep elf pyromancer
Aim: a deep elf pyromancer, wielding a +2 long sword of electrocution and wearing a +2 robe of positive energy (heavily wounded, 64% to hit)
The stone arrow hits the deep elf pyromancer!!
The deep elf pyromancer is almost dead.
The deep elf pyromancer gestures wildly while chanting.
Casting: Stone Arrow (safe; 1% risk of failure)
Confirm with . or Enter, or press ? or * to list all spells.
Aiming: Stone Arrow (safe; 1% risk of failure)
Press: ? - help, Shift-Dir - straight line, f/p - deep elf pyromancer
Aim: a deep elf pyromancer, wielding a +2 long sword of electrocution and wearing a +2 robe of positive energy (almost dead, 64% to hit)
The stone arrow hits the deep elf pyromancer!!
You kill the deep elf pyromancer!
The fire elemental disappears in a puff of smoke!
Your Armour skill increases to level 5!
Casting: Stone Arrow (safe; 1% risk of failure)
Confirm with . or Enter, or press ? or * to list all spells.
Aiming: Sandblast (safe; 1% risk of failure)
Press: ? - help, Shift-Dir - straight line, f - wraith
Aim: a wraith (moderately damaged, 83% to hit)
The blast of sand misses the wraith.
The wraith hits you.
* * * LOW HITPOINT WARNING * * *
The wraith drains your vigour!
You feel yourself slow down.
Unknown command.
Okay, then.
The wraith hits you.
* * * LOW HITPOINT WARNING * * *
The wraith drains your vigour!
You feel as though you will be slow longer.
Unknown command.
You feel protected. The wraith hits you.
You die...

##..#############....###
#.##.........##.#..#.###
##.##.#.#.#.#.##.##....##
#...##.......##...#......
###.##)#.#.#(##.#.##.#...
#
#...##)....##.....#.....
#
#..#.##.#.#.##.###.##....
## #..#
..##W..##.......#.... .#
#..#
..##@#.##.#####)##.## .##
#..#
##.##.##......)..#..# ..#
#.# .##.##.#######.##.#
#.# ##
##.##.#########.#.# #.##
#)##.........##.#.. #..#
##.##.#.#.#.#.##.##.
#..##
#...###.#.#.###...#.
....#
##...##..#)#..##.#.##
....##
#..#..##.#.#.##..#.)#


You could see a wraith.

Vanquished Creatures
  A deep elf pyromancer (D:7)
  A cyclops (D:7)
  Maggie (D:7)
  2 trolls (D:7)
  Grinder (D:5)
  A steam dragon (D:6)
  Menkaure (D:5)
  A water moccasin (D:6)
  An orc warrior (D:7)
  2 sky beasts
  An ice beast (D:7)
  An ogre (D:6)
  4 centaurs
  A necrophage (D:4)
  6 scorpions
  3 bullfrogs
  3 wights (D:7)
  2 howler monkeys
  A centaur zombie (D:7)
  2 gnoll shamans
  2 jellies
  3 orc priests (D:5)
  2 centaur skeletons (D:7)
  4 hounds
  Jessica (D:3)
  2 orc wizards (D:5)
  5 iguanas
  A killer bee zombie (D:7)
  7 adders
  12 gnolls
  A shadow imp (D:7)
  2 white imps (D:7)
  2 ufetubi
  3 adder skeletons (D:4)
  2 worms
  3 dart slugs
  17 orcs
  3 ball pythons
  A bat (D:1)
  An endoplasm (D:3)
  2 giant cockroaches (D:1)
  7 goblins
  3 hobgoblins
  2 jackals (D:1)
  3 quokkas
  6 kobolds
  3 rats
136 creatures vanquished.

Vanquished Creatures (collateral kills)
  An orc wizard (D:7)
  2 gnolls (D:7)
  A shadow imp (D:7)
4 creatures vanquished.

Vanquished Creatures (others)
  An orc wizard (D:5)
1 creature vanquished.

Grand Total: 141 creatures vanquished

Notes
Turn   | Place    | Note
-------+----------+-------------------------------------------
     0 | D:1      | Kaptain the Gargoyle Earth Elementalist began the quest for
                  | the Orb.
     0 | D:1      | Reached XP level 1. HP: 10/10 MP: 3/3
   172 | D:1      | Found a faded altar of an unknown god.
   197 | D:1      | Reached XP level 2. HP: 14/16 MP: 1/5
  1066 | D:2      | Reached skill level 1 in Fighting
  1066 | D:2      | Reached skill level 1 in Conjurations
  1066 | D:2      | Reached XP level 3. HP: 12/20 MP: 2/6
  1069 | D:2      | Reached skill level 4 in Earth Magic
  1202 | D:1      | Learned a level 3 spell: Stone Arrow
  1784 | D:3      | Reached skill level 1 in Armour
  2007 | D:3      | Reached XP level 4. HP: 21/25 MP: 4/7
  2836 | D:3      | Noticed Jessica
  2840 | D:3      | Killed Jessica
  2841 | D:3      | Reached XP level 5. HP: 27/30 MP: 8/8
  3221 | D:4      | Reached XP level 6. HP: 32/36 MP: 6/10
  3466 | D:4      | Upgraded the game from 0.28.0-45-g0d030f2227 to
                  | 0.28.0-47-ge53b351184
  3860 | D:4      | Noticed a necrophage
  3863 | D:4      | Reached skill level 5 in Earth Magic
  3869 | D:4      | Killed a necrophage
  3870 | D:4      | Reached XP level 7. HP: 35/41 MP: 4/12
  4414 | D:5      | Entered Level 5 of the Dungeon
  4422 | D:5      | Noticed Menkaure
  4425 | D:5      | Killed Menkaure
  4429 | D:5      | Noticed Grinder
  4478 | D:5      | Paralysed by Grinder for 7 turns
  4496 | D:5      | Killed Grinder
  4497 | D:5      | Reached XP level 8. HP: 46/48 MP: 1/14
  4661 | D:5      | Reached skill level 6 in Earth Magic
  6105 | D:6      | Paralysed by a centaur for 4 turns
  6111 | D:6      | Reached skill level 5 in Fighting
  6111 | D:6      | Reached skill level 1 in Shields
  6500 | D:6      | Reached skill level 5 in Conjurations
  6722 | D:6      | Reached XP level 9. HP: 54/54 MP: 5/16
  6806 | D:6      | Reached skill level 5 in Spellcasting
  6806 | D:6      | Reached skill level 7 in Earth Magic
  6899 | D:6      | Found a staircase to the Ecumenical Temple.
  6911 | Temple   | Entered the Ecumenical Temple
  7290 | D:6      | Found a sparkling altar of Nemelex Xobeh.
  7397 | D:7      | Noticed Harold
  7822 | D:7      | Identified a scroll of acquirement
  7831 | D:7      | Noticed Maggie
  7840 | D:7      | Killed Maggie
  8152 | D:7      | Noticed a troll
  8184 | D:7      | Killed a troll
  8185 | D:7      | Reached skill level 8 in Earth Magic
  8527 | D:7      | Reached XP level 10. HP: 61/61 MP: 8/18
  8763 | D:7      | Learned a level 2 spell: Blink
  9505 | D:7      | Noticed a cyclops
  9508 | D:7      | Killed a cyclops
  9563 | D:7      | Noticed a deep elf pyromancer
  9573 | D:7      | Killed a deep elf pyromancer
  9574 | D:7      | Reached skill level 5 in Armour
  9576 | D:7      | HP: 1/63 [wraith (4)]
  9577 | D:7      | Slain by a wraith

Illustrated notes

Levels and vault maps discovered:
D:1:      lemuel_arrival_broad_hall, layout_basic,
          chequers_ecumenical_altar_simple_redux, bh_walls_and_bars
D:2:      layout_basic
D:3:      layout_loops_ring, uniq_jessica
D:4:      layout_gridville
D:5:      layout_loops_ring, kennysheep_crisscross, uniq_menkaure, uniq_grinder
D:6:      layout_basic, lemuel_coloured_pillars_altar,
          minmay_temple_entry_drinking_statues
D:7:      minmay_the_grid_triangle_9x9_rhombus_full
          [minmay_the_grid_triangle_9x9_steps,
          minmay_the_grid_triangle_9x9_sparse_checkered,
          minmay_the_grid_triangle_9x9_corrupted_corridor,
          minmay_the_grid_triangle_9x9_from_above,
          minmay_the_grid_triangle_9x9_negative_grid,
          minmay_the_grid_triangle_9x9_minimal,
          minmay_the_grid_triangle_9x9_semitri,
          minmay_the_grid_triangle_9x9_prize_insulated], layout_cave_pools,
          enter_bailey_5, columned_hall_lemuel, minmay_misc_feat_pillars,
          moated_statue, uniq_harold, uniq_maggie
Temple:   kilobyte_greek_temple

Skill      XL: |  1  2  3  4  5  6  7  8  9 10 |
---------------+-------------------------------+-----
Fighting       | 1 2 3 4 5 6 7 |  7.3
Conjurations   | 1 2 3 4 5 6 7 |  7.2
Earth Magic    | 4 5 6 8 |  8.7
Armour         | 1 2 3 4 5 |  5.0
Dodging        | 2 |  2.9
Spellcasting   | 3 4 5 6 |  6.4
Shields        | 1 3 |  3.6
Stealth        | |  2.1
Transmutations | |  0.7

Action                   |  1- 3 |  4- 6 |  7- 9 | 10-12 || total
-------------------------+-------+-------+-------+-------++-------
Melee: Mace              |    53 |       |       |       ||    53
       Punch             |     1 |       |     1 |       ||     2
       Dagger            |       |    40 |       |       ||    40
       Trident           |       |     1 |    75 |       ||    76
 Fire: Hunting sling     |       |     7 |       |       ||     7
 Cast: Sandblast         |    25 |    47 |    29 |     3 ||   104
       Stone Arrow       |       |     1 |    90 |    33 ||   124
  Use: Scroll            |       |       |    20 |       ||    20
       Potion            |       |       |     6 |     1 ||     7
 Stab: Sleeping          |     3 |       |     2 |       ||     5
Armor: Robe              |    18 |       |       |       ||    18
       Leather armour    |    12 |    34 |    69 |     4 ||   119
Dodge: Dodged            |    51 |    32 |    63 |     5 ||   151
Block: Buckler           |       |       |    25 |     3 ||    28
